Map: Lost and Found LE

Players

LiquidSnute (Snute) - Winner!

  • Race: Zerg Zerg
  • League: Grandmaster
  • Spawn Location: 7:00

Geralt (Gerald)

  • Race: Protoss Protoss
  • League: Grandmaster
  • Spawn Location: 1:00

Event: HomeStory Cup XVII

VOD

Have the link to the VOD?

Description

Time

  • Played on: June 29, 2018, 11:53 a.m.
  • Length: 12:31

All games in this series

Show
View Real Time Build Order
Export as new Build Order

LiquidSnute Zerg - Winner!

Build Orders: Hatch First, Lurkers 

Get SALT Encoding   

  12  0:01  Drone  
  13  0:12  Overlord  
  13  0:17  Drone  
  14  0:31  Drone x2  
  14  0:35  Drone  
  17  0:50  Drone  
  17  0:56  Hatchery  
  17  0:58  Drone  
  18  1:04  Extractor  
  17  1:13  Spawning Pool  
  17  1:15  Drone  
  17  1:18  Drone  
  18  1:28  Drone  
  19  1:38  Overlord  
  19  1:50  Drone  
  20  1:59  Queen  
  20  2:00  Zergling x2  
  23  2:04  Metabolic Boost  
  23  2:08  Queen, Zergling x2  
  25  2:11  Drone  
  27  2:19  Drone  
  27  2:22  Drone  
  29  2:29  Drone  
  30  2:39  Queen  
  30  2:43  Hatchery  
  31  2:48  Overlord  
  31  2:50  Zergling x4  
  33  2:53  Zergling x2  
  34  2:58  Drone  
  34  3:02  Drone  
  36  3:06  Drone  
  36  3:10  Drone x3  
  40  3:16  Overlord  
  40  3:19  Drone  
  41  3:23  Drone  
  42  3:33  Drone  
  42  3:34  Drone  
  42  3:35  Spore Crawler  
  42  3:41  Drone  
  43  3:42  Spore Crawler, Drone x2  
  43  3:43  Queen  
  43  3:47  Drone, Evolution Chamber  
  46  3:52  Drone  
  47  4:00  Spore Crawler, Drone x2  
  47  4:03  Drone  
  47  4:06  Drone  
  47  4:08  Drone x2  
  47  4:09  Drone x2  
  54  4:10  Drone x2  
  54  4:14  Drone  
  54  4:16  Zerg Melee Weapons Level 1  
  56  4:18  Overlord  
  56  4:21  Drone  
  57  4:29  Drone  
  58  4:32  Overlord, Extractor  
  58  4:35  Baneling Nest  
  58  4:38  Drone x2  
  58  4:44  Hatchery  
  58  4:45  Drone  
  58  4:46  Overlord  
  58  4:49  Overlord  
  58  4:52  Drone x3  
  61  4:57  Drone x4  
  61  4:59  Drone  
  66  5:05  Drone  
  66  5:06  Drone x3  
  70  5:12  Zergling x12  
  70  5:13  Zergling x2  
  77  5:18  Lair  
  77  5:19  Zergling x4  
  78  5:21  Extractor  
  78  5:22  Zergling x2  
  78  5:23  Extractor  
  78  5:26  Drone  
  78  5:29  Drone x3  
  78  5:30  Overlord  
  81  5:41  Overlord  
  81  5:42  Overlord  
  81  5:55  Baneling x11  
  81  5:56  Baneling, Zergling x2  
  81  5:57  Zergling x18  
  91  6:00  Queen x3  
  97  6:05  Zergling x6  
  100  6:14  Drone  
  101  6:20  Drone x10  
  101  6:22  Zerg Melee Weapons Level 2  
  111  6:28  Spine Crawler  
  108  6:35  Zergling x12  
  108  6:43  Zergling x2  
  108  6:44  Zergling x8  
  110  6:47  Zergling x2  
  109  6:55  Queen  
  109  6:57  Zergling x8  
  109  6:58  Overlord x2  
  105  7:03  Overlord x2  
  105  7:06  Baneling x6  
  101  7:11  Zergling x2  
  101  7:12  Zergling x10  
  101  7:14  Centrifical Hooks  
  101  7:15  Hydralisk Den  
  99  7:16  Zergling x2  
  99  7:17  Zergling x2  
  101  7:22  Drone  
  101  7:23  Drone x5  
  101  7:24  Extractor  
  101  7:25  Drone, Extractor  
  101  7:26  Drone  
  106  7:31  Zergling x10  
  106  7:32  Hatchery  
  109  7:46  Grooved Spines  
  109  7:47  Lurker Den  
  107  8:04  Zergling x36  
  110  8:23  Hydralisk x11  
  132  8:30  Overseer  
  132  8:32  Hatchery  
  132  8:33  Hydralisk  
  132  8:34  Hydralisk x4  
  141  8:41  Drone x3  
  141  8:43  Overlord  
  143  8:57  Muscular Augments  
  143  9:02  Hydralisk x8  
  144  9:11  Drone  
  144  9:12  Drone x2  
  144  9:15  Spore Crawler, Spine Crawler  
  145  9:19  Zerg Missile Weapons Level 1  
  145  9:21  Zergling x18  
  145  9:22  Zergling x2  
  155  9:30  Overlord x2  
  157  9:31  Lurker x2  
  157  9:39  Lurker  
  158  9:49  Zergling x32  
  158  9:50  Zergling x2  
  158  9:52  Lurker x5  
  179  10:07  Baneling x5  
  179  10:08  Baneling x3  
  176  10:17  Zergling x24  
  176  10:20  Overlord  
  176  10:21  Overlord x2  
  179  10:35  Overlord x2  
  179  10:41  Zergling x2  
  179  10:42  Zergling x40  
  197  10:45  Lurker  
  197  10:46  Lurker x3  
  197  10:48  Lurker  
  197  10:49  Lurker  
  198  10:55  Lurker  
  181  10:57  Zergling x20  
  182  11:16  Zergling x2  
  182  11:17  Zergling x22  
  177  11:24  Hydralisk x3  
  172  11:32  Hydralisk x3  
  161  11:37  Hydralisk x5  
  136  11:48  Hydralisk x2  
  136  11:49  Hydralisk x5  
  150  11:57  Hydralisk x4  
  155  12:10  Overseer  
Show
View Real Time Build Order
Export as new Build Order

Geralt Protoss 

Build Orders: 1 Gate Expand, Oracle Opening, Phoenix Opening, Archon Immortal, Zealot Archon, Archon Drop 

Get SALT Encoding   

  12  0:01  Probe  
  13  0:13  Probe  
  14  0:25  Probe, Pylon  
  15  0:29  Assimilator  
  15  0:39  Probe  
  15  0:46  Gateway  
  15  0:47  Probe  
  17  0:57  Probe  
  18  1:04  Pylon  
  18  1:09  Probe  
  19  1:21  Probe  
  20  1:32  Nexus  
  20  1:34  Probe  
  21  1:41  Cybernetics Core  
  21  1:46  Probe  
  22  1:52  Assimilator  
  22  1:56  Pylon  
  22  2:00  Probe  
  23  2:09  Adept  
  23  2:14  Probe  
  24  2:21  Stargate  
  26  2:26  Probe  
  26  2:27  Adept  
  29  2:39  Warp Gate  
  29  2:40  Probe  
  31  2:44  Probe  
  31  2:52  Probe  
  31  2:55  Oracle  
  31  2:56  Probe  
  33  3:04  Probe  
  34  3:08  Probe  
  38  3:16  Probe  
  39  3:20  Probe  
  39  3:28  Probe  
  39  3:29  Gateway  
  39  3:31  Pylon  
  39  3:32  Probe  
  39  3:33  Assimilator  
  39  3:36  Probe  
  39  3:39  Assimilator  
  40  3:43  Phoenix  
  40  3:44  Probe x2  
  40  3:55  Probe  
  43  3:56  Probe  
  43  4:02  Robotics Facility  
  45  4:07  Probe  
  45  4:08  Probe  
  47  4:13  Twilight Council  
  47  4:19  Probe, Pylon  
  47  4:21  Probe  
  49  4:31  Probe  
  50  4:33  Probe  
  51  4:40  Gateway x2  
  51  4:41  Gateway  
  51  4:43  Probe  
  51  4:44  Gateway, Charge  
  53  4:45  Probe  
  53  4:51  Warp Prism  
  53  4:53  Pylon  
  53  4:55  Probe  
  54  5:06  Templar Archives  
  56  5:08  Probe  
  56  5:11  Zealot  
  59  5:21  Pylon  
  59  5:27  Observer  
  60  5:29  Nexus  
  60  5:33  Probe  
  61  5:39  Probe  
  62  5:45  Probe  
  63  5:54  High Templar x2  
  63  5:55  Probe  
  68  5:57  Assimilator  
  68  5:58  High Templar x2  
  68  5:59  Zealot x2  
  68  6:00  Archon  
  68  6:03  Assimilator, Probe  
  77  6:06  Archon  
  77  6:07  Probe  
  77  6:09  Shield Battery  
  78  6:22  Pylon  
  78  6:23  Forge  
  78  6:25  Robotics Facility  
  78  6:33  Probe x2  
  78  6:37  Zealot x3  
  78  6:38  Zealot x3  
  72  6:51  Probe x2  
  72  6:52  Probe  
  75  6:58  Zealot x4  
  83  7:02  Zealot  
  85  7:08  Protoss Ground Weapons Level 1  
  85  7:10  Probe  
  85  7:14  Probe x2  
  79  7:18  Probe  
  79  7:22  Immortal  
  83  7:27  Probe x2  
  83  7:29  High Templar  
  86  7:30  High Templar x3  
  86  7:35  Archon, Probe  
  86  7:36  Archon  
  94  7:38  Probe  
  94  7:39  Immortal, Probe  
  100  7:47  Probe  
  101  7:59  Probe x2, Pylon  
  101  8:01  Pylon  
  96  8:06  Probe  
  96  8:10  Zealot  
  96  8:11  Zealot  
  101  8:14  Probe  
  101  8:16  Immortal x2  
  101  8:17  Probe  
  102  8:22  Psionic Storm  
  102  8:23  Probe  
  102  8:26  Probe, Pylon  
  112  8:29  Probe  
  112  8:34  High Templar x3  
  115  8:38  Pylon x2  
  115  8:42  Probe  
  115  8:47  Gateway  
  115  8:48  Gateway  
  116  8:54  Pylon  
  117  8:58  Zealot x2  
  117  9:00  Zealot  
  113  9:05  Protoss Ground Weapons Level 2  
  113  9:10  Probe  
  113  9:12  Probe x2  
  113  9:14  Immortal  
  120  9:20  Photon Cannon, High Templar x2  
  120  9:22  Probe  
  120  9:23  High Templar x3  
  131  9:32  Photon Cannon  
  131  9:36  Probe  
  132  9:41  High Templar  
  132  9:43  Photon Cannon  
  134  9:46  Pylon  
  134  9:49  Immortal x2, Zealot x2  
  138  9:55  Probe  
  138  9:57  Shield Battery  
  147  10:08  Pylon  
  143  10:18  Zealot x8  
  154  10:27  Shield Battery  
  152  10:29  Immortal  
  155  10:45  Zealot  
  155  10:48  Pylon  
  155  10:50  Pylon  
  155  10:51  Pylon  
  155  10:54  Archon  
  155  10:55  Archon  
  145  10:59  Immortal  
  145  11:02  Zealot  
  143  11:08  Zealot x8  
  143  11:10  Immortal  
  165  11:18  Archon  
  155  11:20  Probe  
  132  11:29  Zealot x7  
  132  11:32  Probe  
  128  11:39  Observer  
  87  11:49  High Templar  
  87  11:50  High Templar x6  
  87  11:51  Probe  
  94  11:57  Archon x2  
  94  11:59  Archon  
  99  12:13  Zealot x2  
  86  12:18  Zealot x2  
Tags
 
Add a new tag
Caveats
  • Supply blocks, unpowered buildings, or Contaminate may cause inaccurate times.
  • Supply counts are checked every 10 seconds.